 Dungeon Crawl Stone Soup version 0.26.1-11-gd32895ea62 (webtiles) character file.

Game seed: 14735820646564503077

36 Zeld the Sneak (level 3, 2/20 HPs)
             Began as a Tengu Enchanter on June 14, 2021.
             Quit the game on level 2 of the Dungeon.
             The game lasted 00:01:42 (2334 turns).

Zeld the Sneak (Tengu Enchanter)                    Turns: 2334, Time: 00:01:43

Health: 2/20       AC:  2    Str:  8    XL:     3   Next: 37%
Magic:  1/7        EV: 13    Int: 15    God:
Gold:   78         SH:  0    Dex: 15    Spells: 3/6 levels left

rFire    . . .     SeeInvis .   a - +1 dagger (venom)
rCold    . . .     Faith    .   (no shield)
rNeg     . . .     Spirit   .   b - +0 robe
rPois    .         Reflect  .   (helmet restricted)
rElec    .         Harm     .   (no cloak)
rCorr    .         Rampage  .   (no gloves)
Will     .....                  (boots unavailable)
Stlth    ++........             (no amulet)
HPRegen  0.06/turn              (no ring)
MPRegen  0.10/turn              (no ring)

@: lethally poisoned (2 -> -1), very slightly contaminated
A: beak, talons 3
a: no special abilities


You were on level 2 of the Dungeon.
You visited 1 branch of the dungeon, and saw 2 of its levels.

You collected 78 gold pieces.

Inventory:

Hand Weapons
 a - a +1 dagger of venom (weapon)
Missiles
 e - 3 stones (quivered)
Armour
 b - a +0 robe (worn)
Scrolls
 c - a scroll of remove curse {unknown}
 f - 2 scrolls of identify {unknown}
 h - a scroll of immolation {unknown}
Potions
 d - a potion of degeneration {unknown}
 g - a potion of brilliance {unknown}


   Skills:
 + Level 0.6 Fighting
 * Level 2.1 Short Blades
 - Level 2.1 Dodging
 + Level 3.2 Stealth
 + Level 2.2 Spellcasting
 * Level 2.5 Hexes


You had 3 spell levels left.
You knew the following spells:

 Your Spells              Type           Power        Failure   Level
a - Corona                Hex            10%          8%          1
b - Ensorcelled Hibernat  Hex/Ice        10%          19%         2

Your spell library contained the following spells:

 Spells                   Type           Power        Failure   Level
 Confusing Touch          Hex            9%           22%         3
 Tukima's Dance           Hex            9%           22%         3
 Dazzling Flash           Conj/Hex       10%          36%         3


Dungeon Overview and Level Annotations

Branches:
Dungeon (2/15)

Altars:
Cheibriados


Innate Abilities, Weirdness & Mutations

You have a beak for a mouth.
You have claws for feet.


Message History

The adder resists with some effort.
You feel sick. The adder bites you.
* * * LOW HITPOINT WARNING * * *
Unknown command.
Casting: Ensorcelled Hibernation (safe; 21% risk of failure)
Confirm with . or Enter, or press ? or * to list all spells.
Aiming: Ensorcelled Hibernation (safe; 21% risk of failure)
Press: ? - help, Shift-Dir - straight line, f/p - adder
Aim: an adder (almost dead, very poisoned, chance to affect: 46%)
The adder resists with some effort.
The adder barely misses you.
Unknown command.
You hit the adder.
You kill the adder!
You see here an adder corpse.
There is a lethal amount of poison in your body!
There is a lethal amount of poison in your body!
There is a lethal amount of poison in your body!
Okay, then.
* * * LOW HITPOINT WARNING * * *
You feel sick.
Are you sure you want to abandon this character and quit the game? (Confirm with "yes".)

#.........#..# #
#.#.......#.#########
#.#.#####.#..........
#.#.# #.###########
#.#.#####.#
###.#.†.....#
#..........##
#..........#
#.....@....#
###.......##
#.#####.# ## .# .#


There were no monsters in sight!

Vanquished Creatures
  An adder (D:2)
  2 dart slugs (D:1)
  2 leopard geckos (D:1)
  3 bats (D:1)
  A giant cockroach (D:1)
  A goblin (D:1)
  4 hobgoblins (D:1)
  2 kobolds (D:1)
  3 frilled lizards (D:1)
  A rat (D:1)
20 creatures vanquished.

Notes
Turn   | Place    | Note
-------+----------+-------------------------------------------
     0 | D:1      | Zeld the Tengu Enchanter began the quest for the Orb.
     0 | D:1      | Reached XP level 1. HP: 10/10 MP: 4/4
   539 | D:1      | Reached XP level 2. HP: 7/15 MP: 4/6
   548 | D:1      | Learned a level 2 spell: Ensorcelled Hibernation
  1609 | D:1      | Reached XP level 3. HP: 5/20 MP: 3/7
  2250 | D:2      | Found a snail-covered altar of Cheibriados.
  2334 | D:2      | Quit the game

Illustrated notes

Levels and vault maps discovered:
D:1:      psy_arrival_whirlpool, layout_basic
D:2:      minmay_wonky_spiral, layout_basic, cheibriados_altar_1,
          hangedman_decor_push, uniq_sigmund

Skill      XL: |  1  2  3 |
---------------+----------+-----
Short Blades   | 2 |  2.1
Fighting       | |  0.6
Dodging        | |  2.1
Stealth        | |  3.2
Spellcasting   | |  2.2
Hexes          | |  2.5

Action                   || total
-------------------------++-------
Melee: Dagger            ||    53
       Peck              ||    12
       Kick              ||     8
 Cast: Corona            ||    18
       Ensorcelled Hiber ||     7
 Stab: Sleeping          ||     4
Armor: Robe              ||    13
Dodge: Dodged            ||    40
